 Dungeon Crawl Stone Soup version 0.26.0-10-g1f06aea511 (webtiles) character file.

Game seed: 13916224962625161999

102 Borgoz the Slasher (level 4, -6/37 HPs)
             Began as a Ghoul Gladiator on Jan 18, 2021.
             Mangled by Sigmund
             ... wielding a +0 scythe
              (7 damage)
             ... on level 2 of the Dungeon.
             The game lasted 00:02:33 (1341 turns).

Borgoz the Slasher (Ghoul Gladiator)                Turns: 1341, Time: 00:02:34

Health: -6/37      AC:  8    Str: 16 (17) XL:     4   Next: 77%
Magic:  3/3        EV: 12    Int:  0 (3)  God:
Gold:   87         SH:  0    Dex:  8 (11) Spells: 3/3 levels left

rFire    . . .     SeeInvis .   a - +0 long sword
rCold    + . .     Faith    .   (no shield)
rNeg     + + +     Spirit   .   i - +0 acid dragon scales
rPois    ∞         Reflect  .   c - +1 helmet
rElec    .         Harm     .   (no cloak)
rCorr    +         Rampage  .   (no gloves)
Will     .....                  (no boots)
Stlth    +.........             (no amulet)
HPRegen  0.00/turn              (no ring)
MPRegen  0.08/turn              (no ring)

@: slowed, lost intelligence, very slow
A: claws 1, cold resistance 1, negative energy resistance 3, inhibited
regeneration, torment resistance, unbreathing
a: no special abilities


You were on level 2 of the Dungeon.
You visited 1 branch of the dungeon, and saw 2 of its levels.

You collected 87 gold pieces.

Inventory:

Hand Weapons
 a - a +0 long sword (weapon)
Missiles
 d - 3 throwing nets (quivered)
Armour
 c - a +1 helmet (worn)
 i - +0 acid dragon scales (worn)
Scrolls
 b - a scroll of enchant armour
 e - a scroll of teleportation
Potions
 f - a potion of resistance


   Skills:
 + Level 2.8 Fighting
 * Level 3.5 Long Blades
 - Level 1.7 Throwing
 * Level 2.2 Armour
 + Level 3.1 Dodging


You had 3 spell levels left.
You didn't know any spells.
Your spell library was empty.

Dungeon Overview and Level Annotations

Branches:
Dungeon (2/15)

Altars:

Annotations:
D:2 Sigmund


Innate Abilities, Weirdness & Mutations

You thrive by killing the living.
You are immune to poison.
You have sharp fingernails.
Your flesh is cold resistant. (rC+)
You are immune to negative energy. (rN+++)
You do not regenerate when monsters are visible.
You are immune to unholy pain and torment.
You can survive without breathing.


Message History

The adder completely misses you.
You riposte.
You barely miss the adder. The adder barely misses you. Something hits you.
The ooze misses you. The adder barely misses you.
You riposte.
You barely miss the adder.
You see here a scroll of teleportation.
e - a scroll of teleportation The adder bites you but does no damage.
The ooze barely misses you. Something hits you. The adder barely misses you.
You riposte.
You barely miss the adder. The ooze hits you.
You almost manage to decipher the scroll, but fail in this attempt.
The adder bites you but does no damage. Something hits you.
* * * LOW HITPOINT WARNING * * *
The ooze hits you but does no damage. The adder bites you.
* * * LOW HITPOINT WARNING * * *
The adder closely misses you.
You riposte.
You closely miss the adder. The ooze barely misses you. Something hits you!
* * * LOW HITPOINT WARNING * * *
The adder bites you but does no damage. The ooze hits you but does no damage.
The adder closely misses you. The ooze closely misses you. Something hits you!
You die...

############
#..@S.)....#
#..?J......#
#..........#
#..........#
#..........#
#..........#
#..........#
#..........#
#..........#


You could see an ooze and an adder.

Vanquished Creatures
  Robin (D:2)
  2 adders (D:2)
  A worm (D:2)
  A leopard gecko (D:1)
  A ball python (D:2)
  3 giant cockroaches (D:1)
  12 goblins
  11 hobgoblins
  8 jackals
  9 kobolds
  4 bats (D:1)
  3 frilled lizards
  7 rats
63 creatures vanquished.

Notes
Turn   | Place    | Note
-------+----------+-------------------------------------------
     0 | D:1      | Borgoz the Ghoul Gladiator began the quest for the Orb.
     0 | D:1      | Reached XP level 1. HP: 17/17 MP: 0/0
   256 | D:1      | Reached XP level 2. HP: 18/25 MP: 1/1
   835 | D:1      | Reached skill level 1 in Armour
   862 | D:1      | Reached XP level 3. HP: 29/30 MP: 2/2
  1101 | D:2      | Noticed Robin
  1126 | D:2      | Reached XP level 4. HP: 28/37 MP: 3/3
  1189 | D:2      | Killed Robin
  1322 | D:2      | Noticed Sigmund
  1324 | D:2      | Lost intelligence.
  1339 | D:2      | HP: 1/37 [something (7)]
  1341 | D:2      | Mangled by Sigmund

Illustrated notes

Levels and vault maps discovered:
D:1:      enne_arrival_octagon_isle, layout_loops_ring
D:2:      layout_basic, nicolae_dithmenos_through_a_glass_darkly,
          lemuel_doored_altar, uniq_robin, uniq_sigmund

Skill      XL: |  1  2  3  4 |
---------------+-------------+-----
Long Blades    | 3 |  3.5
Armour         | 1 2 |  2.2
Dodging        | 3 |  3.1
Fighting       | |  2.8
Throwing       | |  1.7

Action                   |  1- 3 |  4- 6 || total
-------------------------+-------+-------++-------
Melee: Long sword        |   115 |    43 ||   158
  Use: Scroll            |     3 |     4 ||     7
       Potion            |       |     3 ||     3
Armor: Leather armour    |     9 |       ||     9
       Acid dragon scale |    46 |    36 ||    82
Dodge: Dodged            |   142 |    61 ||   203
       Rpst.: Long sword |    62 |    19 ||    81
